[Event "Team 45 45 League T68"]
[Site "Internet Chess Club"]
[Date "2016.03.15"]
[Round "1"]
[White "RickyWang"]
[Black "sharky123"]
[Result "1-0"]
[WhiteElo "1869"]
[BlackElo "1811"]
[Opening "Caro-Kann: Tartakower (fantasy) variation"]
[ECO "B12"]
[Time "16:10:38"]
[TimeControl "2700+45"]

1. e4 c6 2. d4 d5 3. f3 dxe4 4. fxe4 e5 5. Nf3 Bg4 6. c3 Nd7 7. Bd3 Ngf6 8. O-O
Bd6 9. a4 a5 10. Nbd2 Qc7 11. Nc4 exd4 12. Nxd6+ Qxd6 13. cxd4 Bxf3 14. gxf3
Qxd4+ 15. Kh1 Nc5 16. Be2 Qxd1 17. Bxd1 Nd3 18. Be3 Nxb2 19. Be2 O-O-O 20. Ra3
b5 21. axb5 cxb5 22. Bxb5 Nd1 23. Ba6+ Kc7 24. Bf4+ Kb6 25. Bd3 Nh5 26. Bd2 a4
27. Rxd1 Rd7 28. Be3+ Kb7 29. Rb1+ Kc8 30. Rc3+ Kd8 31. Rb8+ Ke7 32. Rxh8 {Black
resigns} 1-0

[Event "Team 45 45 League T68"]
[Site "Internet Chess Club"]
[Date "2016.03.10"]
[Round "1"]
[White "Holzschlange"]
[Black "JasonModer"]
[Result "0-1"]
[WhiteElo "1841"]
[BlackElo "1955"]
[Opening "Queen's pawn game, Chigorin variation"]
[ECO "D02"]
[Time "19:01:34"]
[TimeControl "2700+45"]

1. Nf3 d5 2. d4 Nc6 3. g3 Nf6 4. Bg2 Bg4 5. Ne5 Bh5 6. c4 Qd6 7. Bf4 Qb4+ 8. Nc3
Qxb2 9. Nb5 Rc8 10. Nxc6 bxc6 11. Nxc7+ Kd8 12. Na6 Bxe2 13. Qc1 Qxc1+ 14. Rxc1
Bxc4 15. Nc5 e6 16. Nb7+ Kd7 17. Nc5+ Bxc5 18. dxc5 a6 19. Rb1 Bxa2 20. Rb7+ Ke8
21. Bd6 Nd7 22. Kd2 Bc4 23. f4 g6 24. g4 h5 25. f5 hxg4 26. fxe6 fxe6 27. Ke3 e5
28. Kf2 e4 29. Kg3 Be2 30. Rhb1 Rh7 31. h3 Nf6 32. Rxh7 Nxh7 33. hxg4 Nf6 34. g5
Nh5+ 35. Kf2 Bb5 36. Bh3 Ra8 37. Bg4 Ng7 38. Rh1 Ra7 39. Rh6 Rf7+ 40. Ke1 Rf1+
41. Kd2 Kf7 42. Rh8 Nf5 43. Rh7+ Kg8 44. Ra7 e3+ 45. Kc2 e2 46. Ra8+ Kf7 47.
Ra7+ Ke8 {White resigns} 0-1

[Event "Team 45 45 League T68"]
[Site "Internet Chess Club"]
[Date "2016.03.11"]
[Round "1"]
[White "anna"]
[Black "idjit"]
[Result "1/2-1/2"]
[WhiteElo "1817"]
[BlackElo "1534"]
[Opening "Sicilian: Alapin's variation (2.c3)"]
[ECO "B22"]
[Time "16:00:39"]
[TimeControl "2700+45"]

1. e4 c5 2. c3 d5 3. exd5 Qxd5 4. d4 Nf6 5. Nf3 Bg4 6. Be2 e6 7. O-O Nc6 8. Be3
Rd8 9. h3 Bh5 10. dxc5 Qxd1 11. Rxd1 Nd5 12. g4 Nxe3 13. Rxd8+ Kxd8 14. fxe3 Bg6
15. b4 Be7 16. Nbd2 Bf6 17. Rc1 Ne5 18. Nxe5 Bxe5 19. Nc4 Bf6 20. Bf3 Kc7 21.
Na5 b6 22. cxb6+ axb6 23. Nb3 h5 24. Nd4 hxg4 25. hxg4 e5 26. Nb5+ Kb8 27. e4
Rd8 28. Rc2 Bg5 29. Kf2 Rd3 30. c4 Rd2+ 31. Rxd2 Bxd2 32. a3 f6 33. Ke2 Bf4 34.
Nc3 Bc1 35. a4 Ba3 36. b5 Bc5 37. Nd5 Bf7 38. Kd3 Kc8 39. Nc3 Kc7 40. Ne2 Kd6
41. Nc1 Bb4 42. Nb3 Be6 43. Be2 g6 44. Bf3 f5 45. gxf5 gxf5 46. exf5 Bxf5+ 47.
Be4 Be6 {Game drawn by mutual agreement} 1/2-1/2

[Event "Team 45 45 League T68"]
[Site "Internet Chess Club"]
[Date "2016.03.12"]
[Round "1"]
[White "Innes"]
[Black "Littlemon"]
[Result "1-0"]
[WhiteElo "1622"]
[BlackElo "1582"]
[Opening "Halasz gambit"]
[ECO "C21"]
[Time "17:00:30"]
[TimeControl "2700+45"]

1. e4 e5 2. d4 exd4 3. f4 d6 4. f5 Nc6 5. Nf3 Nf6 6. Bg5 Qe7 7. Nbd2 Bxf5 8. Bd3
Bd7 9. O-O h6 10. Bh4 g5 11. Bf2 Bg7 12. Nxd4 a6 13. Nf5 Bxf5 14. exf5 O-O-O 15.
Qf3 Qd7 16. b4 Ne5 17. Qe3 Nxd3 18. cxd3 Qb5 19. Rac1 Ng4 20. Qf3 Ne5 21. Qe4
Qxd3 22. Bb6 Rd7 23. f6 Qxe4 24. Nxe4 Bf8 25. Rfd1 Kb8 26. Bd4 Nc6 27. Bf2 d5
28. Nc5 Bxc5 29. Bxc5 Re8 30. Re1 Re6 31. a4 b6 32. Rxe6 fxe6 33. Bxb6 Kb7 34.
Bc5 e5 35. b5 axb5 36. axb5 Na7 37. Be7 Nc8 38. f7 Rxe7 39. f8=Q Rd7 40. Qxh6 e4
41. Qe6 Rd6 42. Qe5 Nb6 43. Qxg5 d4 44. Qc5 Rd7 45. Qc6+ Kb8 46. Qxe4 Rd5 47.
Rd1 {Black resigns} 1-0

[Event "Team 45 45 League T68"]
[Site "Internet Chess Club"]
[Date "2016.03.13"]
[Round "1"]
[White "JPSVI"]
[Black "chessnow"]
[Result "1/2-1/2"]
[WhiteElo "1622"]
[BlackElo "1764"]
[Opening "Queen's pawn: London system"]
[ECO "A45"]
[Time "13:30:13"]
[TimeControl "2700+45"]

1. d4 Nf6 2. Bf4 g6 3. h3 Bg7 4. Nf3 O-O 5. e3 c5 6. c3 d5 7. Nbd2 c4 8. Be2 Nc6
9. O-O Re8 10. Ne5 Nd7 11. Nxc6 bxc6 12. e4 e6 13. e5 c5 14. Be3 cxd4 15. cxd4
Nb6 16. Nb1 Bd7 17. Nc3 Qe7 18. Qd2 Reb8 19. Rab1 Rc8 20. Bg5 f6 21. Bh4 Qf7 22.
f4 f5 23. b3 Rc7 24. bxc4 dxc4 25. Bf3 Nd5 26. Bxd5 exd5 27. Nb5 Bxb5 28. Rxb5
Rac8 29. Qc3 Qe6 30. Rfb1 Bf8 31. Rb8 Be7 32. Bxe7 Qxe7 33. Qa5 Qd7 34. Rxc8+
Rxc8 35. Rb5 c3 36. Rc5 c2 37. Qc3 Rxc5 38. Qxc5 Qb5 39. Qxc2 Qd7 40. Kf2 Kf7
41. Qc5 Ke6 42. Kf3 Kf7 43. Qa5 Kg7 44. a4 Qc6 45. Qb5 Qc3+ 46. Kf2 Qxd4+ 47.
Ke2 Qe4+ 48. Kd1 Qd4+ 49. Ke1 Qe4+ 50. Kd1 Qd4+ 51. Ke1 Qe4+ 52. Kd1 Qd4+ 53.
Ke1 Qe4+ 54. Kd1 Qd4+ 55. Ke1 Qe4+ 56. Kd1 {Game drawn by repetition} 1/2-1/2

[Event "Team 45 45 League T68"]
[Site "Internet Chess Club"]
[Date "2016.03.12"]
[Round "1"]
[White "anishio"]
[Black "Insan996"]
[Result "1/2-1/2"]
[WhiteElo "1723"]
[BlackElo "1609"]
[Opening "Caro-Kann: advance variation"]
[ECO "B12"]
[Time "22:03:51"]
[TimeControl "2700+45"]

1. e4 c6 2. d4 d5 3. e5 Bf5 4. Nf3 e6 5. Be2 Ne7 6. O-O Nd7 7. Be3 c5 8. c3 Nc6
9. Re1 Be7 10. Nbd2 O-O 11. Nf1 cxd4 12. cxd4 Rc8 13. Rc1 Qb6 14. Qd2 Bb4 15.
Rc3 Qa5 16. a3 Bxc3 17. Qxc3 Qxc3 18. bxc3 Na5 19. Rc1 Nb6 20. Ng3 Bg4 21. Nd2
Bxe2 22. Nxe2 Na4 23. Nb1 Nc4 24. Bg5 h6 25. Be7 Rfe8 26. Bh4 g5 27. Bg3 Rb8 28.
f4 gxf4 29. Bxf4 Kh7 30. Ng3 Nab6 31. Nh5 Nd7 32. Rf1 Kg6 33. g4 Rf8 34. Bc1 f6
35. Nf4+ Kf7 36. exf6 Nxf6 37. Nh5 Kg6 38. Bxh6 Kxh6 39. Nxf6 Kg6 40. Nd7 Rxf1+
41. Kxf1 Re8 42. Ke2 Re7 43. Nc5 Kg5 44. Kf3 b6 45. Nd3 Rf7+ 46. Kg2 Kxg4 47.
h3+ Kf5 48. Nb4 Rg7+ 49. Kf2 Ke4 50. Nc2 Rf7+ 51. Ke2 Rh7 52. Nd2+ Nxd2 53. Kxd2
Rxh3 54. Nb4 Rh2+ 55. Kc1 Rh1+ 56. Kb2 Rh7 57. Nc6 Rc7 58. Ne5 Ke3 59. Kc2 Rg7
60. Nc6 a5 61. Nd8 Rg6 62. Nf7 a4 63. Nd6 Rg2+ 64. Kb1 Kd3 65. Nc8 Kxc3 66. Nxb6
Kb3 67. Kc1 Kxa3 68. Nd7 Kb4 69. Nc5 Rc2+ 70. Kxc2 Kc4 71. Nxe6 a3 72. Kb1 Kb3
73. Ng5 Kc3 74. Nf3 Kd3 75. Ka2 Ke3 76. Kxa3 Kxf3 77. Kb4 Ke3 78. Kc3 Ke4 79.
Kc2 Kxd4 80. Kd2 Kc4 81. Kc2 d4 82. Kd2 d3 83. Kd1 Kc3 84. Kc1 d2+ 85. Kd1 Kd3
{White stalemated} 1/2-1/2

[Event "Team 45 45 League T68"]
[Site "Internet Chess Club"]
[Date "2016.03.13"]
[Round "1"]
[White "Pomberito"]
[Black "Monterrey"]
[Result "1-0"]
[WhiteElo "2036"]
[BlackElo "2013"]
[Opening "French: Winawer, advance, poisoned pawn variation"]
[ECO "C18"]
[Time "19:02:06"]
[TimeControl "2700+45"]

1. e4 e6 2. d4 d5 3. Nc3 Bb4 4. e5 c5 5. a3 Bxc3+ 6. bxc3 Ne7 7. Qg4 O-O 8. Bd3
f5 9. exf6 Rxf6 10. Bg5 Rf7 11. Qh5 g6 12. Qd1 Nd7 13. Nf3 Qa5 14. Qd2 Nc6 15.
O-O c4 16. Be2 Nf6 17. Bxf6 Rxf6 18. Qe3 Bd7 19. Ng5 h6 20. Nh3 Kg7 21. f4 Re8
22. Nf2 Qa4 23. Bd1 Rff8 24. Ng4 h5 25. Nf2 Ne7 26. Qe5+ Kh7 27. g4 Qa5 28. Rb1
b5 29. Nh3 Qxc3 30. Ng5+ Kg8 31. Rf3 Qd2 32. Rf2 Qc3 33. gxh5 Rf5 34. Qd6 Qe1+
35. Kg2 Bc8 36. h6 e5 37. dxe5 Rxg5+ 38. fxg5 Bh3+ 39. Kxh3 Qxf2 40. Qe6+ Kh7
41. Qf6 Qxf6 42. exf6 Nf5 43. Rxb5 Ne3 44. Bf3 d4 45. Rb7+ Kh8 46. Re7 Rf8 47.
f7 Kh7 48. Be4 Nf5 49. Bxf5 gxf5 50. Kg3 Kg6 51. Kf4 d3 52. cxd3 cxd3 53. Rd7 d2
54. Rxd2 Rxf7 55. Rd6+ Kh5 56. h7 Rxh7 57. Kxf5 Rf7+ 58. Rf6 {Black resigns} 1-0

[Event "Team 45 45 League T68"]
[Site "Internet Chess Club"]
[Date "2016.03.10"]
[Round "1"]
[White "searchforbobby1"]
[Black "f5"]
[Result "1/2-1/2"]
[WhiteElo "1988"]
[BlackElo "2059"]
[Opening "Sicilian: Alapin's variation (2.c3)"]
[ECO "B22"]
[Time "22:05:46"]
[TimeControl "2700+45"]

1. e4 c5 2. c3 Nf6 3. e5 Nd5 4. d4 e6 5. Nf3 Be7 6. a3 b6 7. c4 Nc7 8. d5 d6 9.
Nc3 dxe5 10. Nxe5 Bf6 11. Bf4 exd5 12. Qa4+ Bd7 13. Nxd7 Qxd7 14. Qxd7+ Kxd7 15.
Bxc7 Bxc3+ 16. bxc3 Re8+ 17. Kd2 Kxc7 18. cxd5 Re5 19. c4 Nd7 20. Bd3 g6 21. f4
Re7 22. Rhe1 Rae8 23. Rxe7 Rxe7 24. Rf1 Nf6 25. g3 h6 26. Re1 Rxe1 27. Kxe1 Kd6
28. Kd2 Ng8 29. Be4 Ne7 30. Kc3 f6 31. Kd2 g5 32. Kc3 gxf4 33. gxf4 f5 34. Bd3
Ng6 35. Bxf5 Nxf4 36. Kb3 Ne2 37. Bg4 Nd4+ 38. Kc3 Ke5 39. Kd3 Nb3 40. Kc3 Nd4
41. Kd3 Nb3 42. Kc3 Nd4 {Game drawn by repetition} 1/2-1/2

[Event "Team 45 45 League T68"]
[Site "Internet Chess Club"]
[Date "2016.03.10"]
[Round "1"]
[White "Freitac"]
[Black "fishhead"]
[Result "1-0"]
[WhiteElo "1915"]
[BlackElo "1794"]
[Opening "Nimzo-Indian: 4.e3"]
[ECO "E40"]
[Time "18:00:09"]
[TimeControl "2700+45"]

1. d4 Nf6 2. c4 e6 3. Nc3 Bb4 4. e3 Bxc3+ 5. bxc3 c5 6. Bd3 d6 7. Ne2 Nc6 8. O-O
O-O 9. e4 Qc7 10. f4 e5 11. fxe5 dxe5 12. d5 Na5 13. Rxf6 gxf6 14. Bh6 Qd6 15.
Ng3 f5 16. Bxf8 Kxf8 17. exf5 Qh6 18. Qf3 b6 19. f6 Qf4 20. Rf1 Qxf3 21. Rxf3
Ba6 22. Bxh7 Bxc4 23. Rf5 Rd8 24. Rg5 Ke8 25. Rxe5+ Kf8 26. Rg5 Ke8 27. Bf5
{Black resigns} 1-0

[Event "Team 45 45 League T68"]
[Site "Internet Chess Club"]
[Date "2016.03.13"]
[Round "1"]
[White "Percival"]
[Black "jjimalo"]
[Result "1-0"]
[WhiteElo "1989"]
[BlackElo "1844"]
[Opening "Nimzo-Indian: Kmoch variation"]
[ECO "E20"]
[Time "04:00:25"]
[TimeControl "2700+45"]

1. d4 Nf6 2. c4 e6 3. Nc3 Bb4 4. f3 d5 5. a3 Be7 6. e4 dxe4 7. fxe4 e5 8. d5 Bc5
9. Nf3 Ng4 10. Na4 Nd7 11. Nxc5 Nxc5 12. Bd3 O-O 13. h3 Nf6 14. Qc2 a5 15. O-O
Re8 16. Bg5 a4 17. Nh4 Ra6 18. Nf5 Bxf5 19. Rxf5 Rb6 20. Raf1 Ncd7 21. c5 Rb3
22. Bc4 Rg3 23. Qf2 Rxg5 24. Rxg5 Qe7 25. d6 cxd6 26. cxd6 Qxd6 27. Bb5 Kh8 28.
Bxd7 Qxd7 29. Qe3 h6 30. Rgf5 Qc6 31. Rxf6 gxf6 32. Qxh6+ Kg8 33. Rf3 {Black
resigns} 1-0

[Event "Team 45 45 League T68"]
[Site "Internet Chess Club"]
[Date "2016.03.13"]
[Round "1"]
[White "pishd"]
[Black "nurmi"]
[Result "0-1"]
[WhiteElo "1861"]
[BlackElo "2106"]
[Opening "Queen's pawn game"]
[ECO "D02"]
[Time "12:21:06"]
[TimeControl "2700+45"]

1. d4 d5 2. Nf3 Bf5 3. c4 e6 4. Qb3 Nc6 5. cxd5 Qxd5 6. Qxd5 exd5 7. Bf4 Nb4 8.
Na3 c6 9. g3 h6 10. Bg2 Nf6 11. O-O Be7 12. Rfc1 O-O 13. Ne1 Rfe8 14. Nac2 a5
15. a3 Nxc2 16. Nxc2 a4 17. h3 Ne4 18. g4 Bh7 19. f3 Nd6 20. Bxd6 Bxd6 21. Kf2
Ra5 22. e3 Rb5 23. Ra2 Rb3 24. e4 dxe4 25. fxe4 Bxe4 26. Bxe4 Rxe4 {White
resigns} 0-1

[Event "Team 45 45 League T68"]
[Site "Internet Chess Club"]
[Date "2016.03.14"]
[Round "1"]
[White "kidcobra"]
[Black "elmaestro"]
[Result "1-0"]
[WhiteElo "1858"]
[BlackElo "1717"]
[Opening "Petrov: Cochrane gambit"]
[ECO "C42"]
[Time "19:14:32"]
[TimeControl "2700+45"]

1. e4 e5 2. Nf3 Nf6 3. Nxe5 d6 4. Nxf7 Kxf7 5. d4 Qe7 6. Bd3 g6 7. O-O Bg7 8. f4
Nxe4 9. c3 Rf8 10. Re1 d5 11. Qb3 Be6 12. Qxb7 Qh4 13. Re2 Nd7 14. Bxe4 Rab8 15.
Qc6 Rb6 16. Qxc7 dxe4 17. Nd2 Kg8 18. Nxe4 Nf6 19. Nxf6+ Bxf6 20. Be3 Rfb8 21.
d5 R6b7 22. Qc6 Bd7 23. Qd6 Rd8 24. Bf2 Qg4 25. Qxf6 Rf8 26. Qa6 Bb5 27. Qe6+
Qxe6 28. Rxe6 Bc4 29. b3 Bxd5 30. Rd6 Be4 31. Re1 Rxf4 32. g3 Rf3 33. Rxe4 Rxc3
34. Red4 Rc1+ 35. Kg2 Rcc7 36. Be3 Rc2+ 37. Kh3 Rxa2 38. Rd8+ Kf7 39. R4d7+ Rxd7
40. Rxd7+ Kg8 41. Rxa7 {Black resigns} 1-0

[Event "Team 45 45 League T68"]
[Site "Internet Chess Club"]
[Date "2016.03.10"]
[Round "1"]
[White "Roger43"]
[Black "NFork"]
[Result "1/2-1/2"]
[WhiteElo "2114"]
[BlackElo "2125"]
[Opening "Caro-Kann defense"]
[ECO "B10"]
[Time "13:01:09"]
[TimeControl "2700+45"]

1. e4 c6 2. b3 d5 3. e5 c5 4. Bb5+ Nc6 5. Nf3 e6 6. O-O Ne7 7. c4 a6 8. Ba4 Bd7
9. Nc3 d4 10. Ne4 Ng6 11. d3 Ncxe5 12. Nxe5 Nxe5 13. f4 Nc6 14. Qh5 g6 15. Qe2
f5 16. Nxc5 Bxc5 17. Bxc6 bxc6 18. Qe5 O-O 19. Qxc5 Be8 20. Bb2 Rf7 21. Bxd4 Rd7
22. Bb2 Qc7 {Game drawn by mutual agreement} 1/2-1/2

[Event "Team 45 45 League T68"]
[Site "Internet Chess Club"]
[Date "2016.03.10"]
[Round "1"]
[White "RickyWang"]
[Black "infiniteshug"]
[Result "0-1"]
[WhiteElo "1854"]
[BlackElo "2168"]
[Opening "Caro-Kann: Tartakower (fantasy) variation"]
[ECO "B12"]
[Time "20:00:36"]
[TimeControl "2700+45"]

1. e4 c6 2. d4 d5 3. f3 Qb6 4. Nc3 dxe4 5. fxe4 e5 6. Nf3 exd4 7. Nxd4 Nf6 8. e5
Ng4 9. e6 Bxe6 10. Bc4 Bxc4 11. Qxg4 Na6 12. Qe4+ Kd7 13. Qf5+ Be6 14. Nxe6 Re8
15. Bg5 Rxe6+ 16. Ne2 Bb4+ 17. c3 Kc8 18. O-O-O Qc5 19. Nd4 Qxf5 20. Nxf5 Bc5
21. Rhf1 g6 22. Ng7 Re5 23. Bf6 Re2 24. b4 Be7 25. Rd2 Rxd2 26. Kxd2 Bxf6 27.
Rxf6 Rd8+ 28. Kc2 Rd7 29. Ne8 Kd8 30. Nd6 Ke7 31. Ne4 Nxb4+ 32. cxb4 Rd4 33. Rf4
f5 34. Kc3 Rxe4 35. Rxe4+ fxe4 36. Kd4 Kd6 37. Kxe4 c5 38. b5 b6 39. a4 Ke6 40.
h3 g5 41. g3 h5 42. h4 gxh4 43. gxh4 Kd6 44. Kf5 Kd5 45. Kg5 c4 46. Kxh5 c3 47.
Kg6 c2 48. h5 c1=Q 49. h6 Qxh6+ 50. Kxh6 Kc4 {White resigns} 0-1

[Event "Team 45 45 League T68"]
[Site "Internet Chess Club"]
[Date "2016.03.11"]
[Round "1"]
[White "GreyWarden"]
[Black "egyptiantiger"]
[Result "1-0"]
[WhiteElo "1984"]
[BlackElo "1933"]
[Opening "Sicilian: Labourdonnais-Löwenthal (Kalashnikov) variation"]
[ECO "B32"]
[Time "15:01:34"]
[TimeControl "2700+45"]

1. e4 c5 2. Nf3 Nc6 3. d4 cxd4 4. Nxd4 e5 5. Nb5 d6 6. N1c3 a6 7. Na3 b5 8. Nd5
Nge7 9. Bg5 h6 10. Qh5 Be6 11. O-O-O Bxd5 12. exd5 Nd4 13. Bd3 Qc7 14. f4 g6 15.
Qh3 Bg7 16. Bxe7 Qxe7 17. fxe5 Bxe5 18. c3 Qg5+ 19. Kb1 Nf5 20. Nc2 Ne7 21. Qf3
O-O 22. g3 Rac8 23. Ne3 Rc5 24. Bc2 Nc8 25. Ng4 Bg7 26. h4 Qd8 27. Qf4 Kh7 28.
h5 Rc4 29. Be4 Rxe4 30. hxg6+ fxg6 31. Qxe4 Qg5 32. Rhf1 Rf5 33. Rf4 Nb6 34. Ne3
Re5 35. Qf3 Qe7 36. Ng4 Rg5 37. Rf7 Qd8 38. Qf6 Qxf6 39. Nxf6+ Kh8 40. Re1 Bxf6
41. Re8# {Black checkmated} 1-0

[Event "Team 45 45 League T68"]
[Site "Internet Chess Club"]
[Date "2016.03.15"]
[Round "1"]
[White "JJ12"]
[Black "Percival"]
[Result "1-0"]
[WhiteElo "2147"]
[BlackElo "2013"]
[Opening "French: Rubinstein variation"]
[ECO "C03"]
[Time "08:30:21"]
[TimeControl "2700+45"]

1. e4 e6 2. d4 d5 3. Nd2 dxe4 4. Nxe4 Nd7 5. Nf3 Ngf6 6. Nxf6+ Nxf6 7. Bd3 c5 8.
dxc5 Bxc5 9. Qe2 O-O 10. Bg5 h6 11. Bh4 Be7 12. O-O-O Qa5 13. Kb1 Bd7 14. Ne5
Bc6 15. Rhg1 Nd5 16. Bxe7 Nxe7 17. g4 Nd5 18. g5 Nf4 19. Qe3 Nxd3 20. Nxd3 Qf5
21. gxh6 g6 22. h4 Kh7 23. Nf4 Be4 24. Rc1 Rac8 25. h5 Rxc2 26. Rxc2 Bxc2+ 27.
Ka1 g5 28. Ne2 f6 29. Nd4 Qe4 30. Nxc2 Qxc2 31. Qxe6 Kxh6 32. f4 Qh2 33. fxg5+
Kxh5 34. Qg4+ {Black resigns} 1-0

[Event "Team 45 45 League T68"]
[Site "Internet Chess Club"]
[Date "2016.03.10"]
[Round "1"]
[White "gtmorton"]
[Black "CuatroPrincesas"]
[Result "1-0"]
[WhiteElo "2101"]
[BlackElo "2160"]
[Opening "Old Benoni defense"]
[ECO "A43"]
[Time "16:00:09"]
[TimeControl "2700+45"]

1. d4 c5 2. d5 e6 3. Nc3 Nf6 4. Nf3 d6 5. e4 e5 6. Bb5+ Nbd7 7. a4 a6 8. Bd3 b6
9. O-O g6 10. h3 Nh5 11. g3 Bg7 12. Rb1 O-O 13. b4 cxb4 14. Rxb4 Nc5 15. Kh2 Qc7
16. Bd2 Bd7 17. Qb1 Rab8 18. Rc1 f5 19. exf5 Nxd3 20. cxd3 Rxf5 21. Ne4 Qd8 22.
Nfg5 Bh6 23. Nf7 Rxf7 24. Bxh6 a5 25. Rb2 Bxa4 26. Rc4 Be8 27. Bg5 Nf6 28. Nxf6+
Rxf6 29. Bxf6 Qxf6 30. Qe1 b5 31. Ra4 Bf7 32. Rxa5 Bxd5 33. Raxb5 Rxb5 34. Rxb5
Qf3 35. Rb8+ Kf7 36. Qf1 g5 37. Rh8 h5 38. Qg1 Bc6 39. Rh6 Ke7 40. h4 gxh4 41.
Rh7+ Kd8 42. gxh4 Be8 43. Qg5+ Kc8 44. Qg3 Qe2 45. Rh8 Kd7 46. Rh6 Kc7 47. d4
Bc6 48. dxe5 dxe5 49. Re6 Kb7 50. Rxe5 Qd1 51. Re7+ Kb6 52. Qe3+ Kb5 53. Qe2+
{Black resigns} 1-0

[Event "Team 45 45 League T68"]
[Site "Internet Chess Club"]
[Date "2016.03.13"]
[Round "1"]
[White "f5"]
[Black "spand42"]
[Result "1/2-1/2"]
[WhiteElo "2057"]
[BlackElo "2024"]
[Opening "French: Winawer, advance, poisoned pawn, Konstantinopolsky variation"]
[ECO "C18"]
[Time "16:01:29"]
[TimeControl "2700+45"]

1. e4 e6 2. d4 d5 3. Nc3 Bb4 4. e5 c5 5. a3 Bxc3+ 6. bxc3 Ne7 7. Qg4 Qc7 8. Qxg7
Rg8 9. Qxh7 cxd4 10. Ne2 Nbc6 11. f4 dxc3 12. Qd3 d4 13. Ng3 Bd7 14. Ne4 O-O-O
15. Rb1 Nf5 16. Rg1 Nxe5 17. Qd1 Bc6 18. Bd3 Nxd3+ 19. Qxd3 Bxe4 20. Qxe4 Qc6
21. Qxc6+ bxc6 22. Ke2 Kc7 23. g4 c5 24. Kd3 Kc6 25. a4 Kd5 26. Rb5 {Game drawn
by mutual agreement} 1/2-1/2

[Event "Team 45 45 League T68"]
[Site "Internet Chess Club"]
[Date "2016.03.12"]
[Round "1"]
[White "swagnik"]
[Black "frontier"]
[Result "1-0"]
[WhiteElo "1810"]
[BlackElo "1871"]
[Opening "French defense"]
[ECO "C00"]
[Time "13:00:49"]
[TimeControl "2700+45"]

1. e4 e6 2. Nc3 c5 3. Nf3 Nc6 4. Bb5 a6 5. Bxc6 bxc6 6. O-O d6 7. e5 d5 8. d3
Ne7 9. Bg5 Qc7 10. Re1 Ng6 11. a3 Rb8 12. Rb1 Be7 13. Bxe7 Qxe7 14. Na2 O-O 15.
c4 f6 16. Qe2 Bd7 17. Nc3 Nf4 18. Qd2 fxe5 19. Rxe5 Qf6 20. Qd1 Be8 21. Na4 Bh5
22. Rxh5 Nxh5 23. Nxc5 Rbd8 24. Nb7 Rd7 25. Nc5 Rdf7 26. cxd5 exd5 27. d4 Nf4
28. Nd3 Qg6 29. Nxf4 Rxf4 30. Kh1 Qf5 31. Rc1 g5 32. h3 Rf6 33. Qb3 g4 34. hxg4
Qxg4 35. Qb8+ Rf8 36. Qe5 R4f5 37. Qe6+ Kh8 38. Kg1 Qg7 39. Kf1 R5f6 40. Qe5 Qh6
41. Rxc6 Qg7 42. Rxf6 Qxf6 43. Qxd5 Rc8 44. b4 Rc1+ 45. Ke2 Rc2+ 46. Nd2 Qf4 47.
Qe5+ Qxe5+ 48. dxe5 Ra2 49. f4 Rxa3 50. f5 Ra4 51. e6 Kg7 52. Ne4 Rxb4 53. Ke3
Rb6 54. f6+ Kg6 55. f7 Kg7 56. Ng5 Rxe6+ 57. Nxe6+ Kxf7 58. Nc5 a5 59. Ke4 Kg6
60. Kf4 Kh5 61. Kf5 h6 62. g3 a4 63. Nd3 a3 64. Nf4# {Black checkmated} 1-0

[Event "Team 45 45 League T68"]
[Site "Internet Chess Club"]
[Date "2016.03.13"]
[Round "1"]
[White "PoisonPawn"]
[Black "Gilligan"]
[Result "1/2-1/2"]
[WhiteElo "2190"]
[BlackElo "1965"]
[Opening "Ruy Lopez: modern Steinitz defense"]
[ECO "C71"]
[Time "18:10:20"]
[TimeControl "2700+45"]

1. e4 e5 2. Nf3 Nc6 3. Bb5 a6 4. Ba4 d6 5. d4 b5 6. Bb3 Nxd4 7. Nxd4 exd4 8. c3
dxc3 9. Qd5 Be6 10. Qc6+ Bd7 11. Qd5 Be6 12. Qc6+ Bd7 13. Qd5 Be6 {Game drawn by
repetition} 1/2-1/2

[Event "Team 45 45 League T68"]
[Site "Internet Chess Club"]
[Date "2016.03.12"]
[Round "1"]
[White "Setne"]
[Black "gump12345"]
[Result "0-1"]
[WhiteElo "2221"]
[BlackElo "2017"]
[Opening "Queen's pawn game"]
[ECO "D04"]
[Time "12:02:12"]
[TimeControl "2700+45"]

1. d4 d5 2. Nf3 Nf6 3. e3 c6 4. Nbd2 Bf5 5. Ne5 Nbd7 6. g4 Nxe5 7. gxf5 Ned7 8.
c4 g6 9. Bd3 Bh6 10. b3 Qa5 11. a3 dxc4 12. b4 Qd5 13. e4 Qxd4 14. Nxc4 Qxa1 15.
Bxh6 Qxd1+ 16. Kxd1 Ng4 17. Bg7 Nxf2+ 18. Ke2 Rg8 19. Kxf2 Rxg7 20. Na5 O-O-O
21. Rc1 Ne5 22. Be2 gxf5 23. exf5 Nd3+ 24. Bxd3 Rxd3 25. b5 Rxa3 {White resigns}
0-1

[Event "Team 45 45 League T68"]
[Site "Internet Chess Club"]
[Date "2016.03.12"]
[Round "1"]
[White "xwang1"]
[Black "Bibliophile"]
[Result "0-1"]
[WhiteElo "2048"]
[BlackElo "2194"]
[Opening "Sicilian: Canal-Sokolsky attack, Sokolsky variation"]
[ECO "B52"]
[Time "22:10:05"]
[TimeControl "2700+45"]

1. e4 c5 2. Nf3 d6 3. Bb5+ Bd7 4. Bxd7+ Qxd7 5. c4 g6 6. Nc3 Bg7 7. d4 cxd4 8.
Nxd4 Nf6 9. f3 O-O 10. Be3 a6 11. b3 Nc6 12. O-O Rac8 13. Qd2 Rfd8 14. Rfd1 b5
15. cxb5 Nxd4 16. Bxd4 axb5 17. Rac1 Qb7 18. a4 bxa4 19. bxa4 Rc4 20. Rb1 Qc6
21. Rb6 Nxe4 22. Rxc6 Nxd2 23. Rxc4 Nxc4 24. Kf2 e6 25. Ke2 Bxd4 26. Rxd4 d5 27.
Rd1 Kg7 28. Nb5 Ra8 29. Ra1 Kf6 30. Ra2 Ke7 31. Nc3 Kd6 32. Kd3 Kc5 33. Ra1 g5
34. Rb1 Ne5+ 35. Kc2 h5 36. Rb7 Kd4 37. h4 gxh4 38. Rb4+ Ke3 39. Rxh4 Nc6 40.
Rxh5 Nd4+ 41. Kb2 Kd2 42. Rh4 Rb8+ 43. Nb5 Nxb5 44. Rb4 d4 45. axb5 d3 46. b6
Ke2 47. Re4+ Kd1 48. Kc3 d2 49. Rd4 Kc1 50. Rxd2 Rc8+ 51. Kd3 Rd8+ 52. Ke3 Rxd2
53. b7 Rb2 {White resigns} 0-1

[Event "Team 45 45 League T68"]
[Site "Internet Chess Club"]
[Date "2016.03.15"]
[Round "1"]
[White "LazyPeon"]
[Black "NAS"]
[Result "1-0"]
[WhiteElo "1776"]
[BlackElo "1665"]
[Opening "Catalan: closed, main line"]
[ECO "E09"]
[Time "15:03:52"]
[TimeControl "2700+45"]

1. d4 d5 2. c4 e6 3. Nf3 Nf6 4. g3 c6 5. Bg2 Be7 6. O-O O-O 7. Qc2 Nbd7 8. Nbd2
h6 9. e4 dxe4 10. Nxe4 Nxe4 11. Qxe4 Nf6 12. Qe2 c5 13. Rd1 Qc7 14. Bf4 Bd6 15.
Bxd6 Qxd6 16. Qe5 Qxe5 17. Nxe5 cxd4 18. Rxd4 Rb8 19. Rad1 Re8 20. b4 Kf8 21. g4
Ke7 22. h4 Nh7 23. f4 Nf8 24. h5 f6 25. Nc6+ bxc6 26. Bxc6 Bb7 27. Bxe8 Rxe8 28.
c5 Bf3 29. Rc1 Bxg4 30. c6 Bf5 31. b5 e5 32. fxe5 fxe5 33. Ra4 Ra8 {Black
resigns} 1-0

[Event "Team 45 45 League T68"]
[Site "Internet Chess Club"]
[Date "2016.03.13"]
[Round "1"]
[White "chess2009"]
[Black "pokerram"]
[Result "1-0"]
[WhiteElo "1736"]
[BlackElo "1654"]
[Opening "Sicilian: Taimanov variation"]
[ECO "B49"]
[Time "16:00:27"]
[TimeControl "2700+45"]

1. e4 c5 2. Nf3 e6 3. d4 cxd4 4. Nxd4 a6 5. Nc3 Nc6 6. Be3 Qc7 7. Be2 Nf6 8. O-O
Bb4 9. Qd3 Ne5 10. Qd1 Bxc3 11. bxc3 Nxe4 12. Bf4 Nxc3 13. Qe1 Nxe2+ 14. Qxe2 d6
15. Qe3 O-O 16. Qg3 f6 17. Bh6 Ng6 18. Be3 e5 19. Nb3 f5 20. Bd2 f4 21. Qd3 Bf5
22. Qd5+ Kh8 23. Bb4 Rad8 24. Rad1 Ne7 25. Qd2 Nc8 26. c3 b6 27. Qd5 Ne7 28. Qd2
Nc8 29. Rfe1 Rfe8 30. Ba3 a5 31. Bb2 Be6 32. Qd3 Bc4 33. Qh3 Be6 34. Qh5 Bf7 35.
Qf3 Bg6 36. Rd2 Qf7 37. Rde2 Bh5 38. g4 Bg6 39. h4 e4 40. Qh1 e3 41. fxe3 Be4
42. Qh3 f3 43. Rf2 Qd7 44. Nd4 d5 45. Nxf3 b5 46. Ng5 h6 47. Nf7+ Kg8 48. Nxd8
Qxd8 49. Ref1 Bd3 50. Rd1 Be4 51. Rf4 Nd6 52. Rdf1 Bd3 53. R1f2 Ne4 54. Rg2 Nc5
55. g5 Be4 56. Rd2 Nd3 57. Rg4 h5 58. Rg3 Qe7 59. Qf1 Rf8 60. Qd1 Qf7 61. Ba3 b4
62. cxb4 axb4 63. Bb2 Qc7 64. Rh3 Qd7 65. Rhh2 Qf5 66. Qe2 Nxb2 67. Rxb2 Bd3 68.
Qg2 Be4 69. Qh3 Qe5 70. Rhf2 Bf5 71. Qf3 g6 72. Qf4 Qc3 73. Qd4 Qe1+ 74. Kh2 Be4
75. Rxf8+ Kxf8 76. Qxb4+ Qxb4 77. Rxb4 Ke7 78. Rxe4+ dxe4 79. Kg3 Ke6 80. Kf4
{Black resigns} 1-0